 Dungeon Crawl Stone Soup version 0.29.1-13-g9f3cf754e1 (webtiles) character file.

Game seed: 16324805962173742666

185 Thatpatchoflichen the Trooper (level 5, 0/47 HPs)
             Began as a Hill Orc Fighter on Feb 4, 2023.
             Splashed by a jelly's acid (2 damage)
             ... on level 4 of the Dungeon.
             The game lasted 00:03:40 (4005 turns).

Thatpatchoflichen the Trooper (Hill Orc Fighter)    Turns: 4005, Time: 00:03:40

Health: 0/47       AC: -3    Str: 21    XL:     5   Next: 64%
Magic:  5/5        EV:  9    Int:  8    God:
Gold:   136        SH:  4    Dex: 10    Spells: 4/4 levels left

rFire   . . .      SeeInvis .   a - +0 war axe
rCold   . . .      Faith    .   c - +0 buckler
rNeg    . . .      Spirit   .   b - +0 scale mail
rPois   .          Reflect  .   (no helmet)
rElec   .          Harm     .   (no cloak)
rCorr   .          Rampage  .   (no gloves)
Will    .....                   g - +0 pair of boots
Stlth   ..........              (no amulet)
HPRegen 0.15/turn               (no ring)
MPRegen 0.09/turn               (no ring)

@: corroded
A: no striking features
a: no special abilities


You were on level 4 of the Dungeon.
You visited 1 branch of the dungeon, and saw 4 of its levels.

You collected 136 gold pieces.

Inventory:

Hand Weapons
 a - a +0 war axe (weapon)
Missiles
 m - a throwing net (quivered)
 x - 3 poisoned darts
Armour
 b - a +0 scale mail (worn)
 c - a +0 buckler (worn)
 g - a +0 pair of boots (worn)
 l - an orb of guile
Scrolls
 f - 3 scrolls of identify {unknown}
 h - 2 scrolls of teleportation {unknown}
 i - a scroll of butterflies {unknown}
 p - a scroll of poison {unknown}
 r - a scroll of amnesia {unknown}
 s - a scroll of enchant weapon {unknown}
 t - a scroll of blinking {unknown}
 w - a scroll of fear {unknown}
Potions
 d - a potion of might
 e - 2 potions of flight {unknown}
 j - a potion of heal wounds {unknown}
 k - a potion of lignification {unknown}
 n - 2 potions of berserk rage {unknown}
 o - 3 potions of brilliance {unknown}
 q - 3 potions of curing {unknown}
 u - 2 potions of cancellation {unknown}
 v - 2 potions of attraction {unknown}


   Skills:
 + Level 4.9 Fighting
 + Level 4.3 Axes
 + Level 4.3 Armour
 + Level 4.4 Shields


You had 4 spell levels left.
You didn't know any spells.
Your spell library contained the following spells:

 Spells                   Type           Power      Damage    Failure   Level
 Ensorcelled Hibernation  Hex/Ice        0%         N/A       92%         2
 Passwall                 Tmut/Erth      0%         N/A       92%         2
 Swiftness                Air            0%         N/A       99%         3


Dungeon Overview and Level Annotations

Branches:
Dungeon (4/15)
 Temple: D:4-7

Altars:
Kikubaaqudgha


Message History

There is an escape hatch in the floor here.
You slide downwards.
The hatch slams shut behind you.
Found 25 gold pieces and a mace.
You now have 128 gold pieces (gained 17).
You now have 136 gold pieces (gained 8).
An endoplasm comes into view.
You slash the endoplasm!
You kill the endoplasm!
You open the door.
A hound comes into view.
The hound barks!
A jelly comes into view.
Found a stone staircase leading down.
There is an open door here.
You block the hound's attack. The hound barely misses you.
There is an open door here.
The hound attacks as you move away! The hound bites you.
You barely miss the hound. The hound closely misses you. The hound bites you.
You slash the hound!
The hound is heavily wounded.
You block the hound's attack. The hound misses you.
You slash the hound!
You kill the hound!
You hit the jelly but do no damage. The acid corrodes you!
Your hands burn!
The jelly closely misses you.
You hit the jelly but do no damage.
Your hands burn!
The jelly hits you but does no damage. The jelly barely misses you.
You hit the jelly. The acid corrodes you!
Your hands burn!
The jelly is lightly wounded.
The jelly barely misses you.
You hit the jelly.
Your hands burn!
The jelly is moderately wounded.
The jelly hits you.
You are splashed with acid!
* * * LOW HITPOINT WARNING * * *
The jelly hits you.
* * * LOW HITPOINT WARNING * * *
The acid corrodes you!
You are splashed with acid!
* * * LOW HITPOINT WARNING * * *
You hit the jelly but do no damage. The acid corrodes you!
Your hands burn!
You die...

#. #..#
#.####.#
#......###
######...##
#.#..# #.##.#
#.##.####
..##....##
#######.@# #
#####J#.#
#.......#
#...........#
#........>..#
#######......
....## ....#
....#


You could see a jelly.

Vanquished Creatures
  A hound (D:4)
  Terence (D:3)
  Robin (D:3)
  A gnoll (D:3)
  2 adders
  A worm (D:2)
  A dart slug (D:2)
  An orc (D:3)
  6 bats
  2 bat zombies (D:3)
  6 endoplasms
  2 giant cockroaches
  18 goblins
  9 hobgoblins
  5 jackals
  6 kobolds
  3 quokkas
  A ball python (D:1)
  A frilled lizard (D:2)
  7 rats
75 creatures vanquished.

Notes
Turn   | Place    | Note
-------+----------+-------------------------------------------
     0 | D:1      | Thatpatchoflichen the Hill Orc Fighter began the quest for
                  | the Orb.
     0 | D:1      | Reached XP level 1. HP: 19/19 MP: 1/1
    93 | D:1      | Reached XP level 2. HP: 13/27 MP: 2/2
   658 | D:1      | Reached XP level 3. HP: 33/33 MP: 3/3
  1631 | D:2      | Reached XP level 4. HP: 40/40 MP: 4/4
  1788 | D:2      | Identified the +7 spear "Zeseosah" {flame, rN+ Will+ rCorr
                  | Stlth-}
  2228 | D:3      | Noticed Terence
  2233 | D:3      | Killed Terence
  2316 | D:3      | Found a faded altar of an unknown god.
  2467 | D:3      | Noticed Robin
  2509 | D:3      | Killed Robin
  2510 | D:3      | Reached XP level 5. HP: 30/47 MP: 5/5
  3573 | D:3      | Found an ancient bone altar of Kikubaaqudgha.
  4004 | D:4      | HP: 2/47 [acid (9)]
  4005 | D:4      | Splashed by a jelly's acid

Illustrated notes

Levels and vault maps discovered:
D:1:      psy_arrival_dodecagon, layout_basic
D:2:      layout_loops_ring
D:3:      layout_loops_corners, lemuel_zombie_altar_kikubaaqudgha,
          chequers_ecumenical_altar_grove, serial_rivers,
          chequers_serial_rivers_small_a, chequers_serial_rivers_small_3,
          chequers_serial_rivers_large_b, chequers_serial_rivers_large_a,
          minmay_ruptured, uniq_robin, uniq_terence
D:4:      layout_basic

Skill      XL: |  1  2  3  4 |
---------------+-------------+-----
Axes           | 3 4 |  4.3
Fighting       | 4 |  4.9
Armour         | 4 |  4.3
Shields        | 4 |  4.4

Action                   |  1- 3 |  4- 6 || total
-------------------------+-------+-------++-------
Melee: War axe           |    94 |   124 ||   218
Armor: Scale mail        |    69 |    68 ||   137
Dodge: Dodged            |    67 |    58 ||   125
Block: Buckler           |    37 |    35 ||    72
